 Dungeon Crawl Stone Soup version 0.31-a0-986-g5e6e4ef867 (webtiles) character file.

Game seed: 3714708743220526435

74 IdlyInterested the Destabilizer (level 4, -1/35 HPs)
             Began as a Demonspawn Wanderer on Nov 15, 2023.
             Slain by a gnoll
             ... wielding a +0 whip
              (4 damage)
             ... on level 3 of the Dungeon.
             The game lasted 00:08:33 (1997 turns).

IdlyInterested the Destabilizer (DsWn)              Turns: 1997, Time: 00:08:33

Health: -1/35      AC:  7    Str: 13    XL:     4   Next: 10%
Magic:  5/5        EV: 12    Int: 15    God:
Gold:   13         SH:  0    Dex: 12    Spells: 4/5 levels left

rFire   . . .        C - +0 war axe (freeze)
rCold   + . .        (no shield)
rNeg    . . .        d - +0 robe
rPois   .            (no helmet)
rElec   .            p - +0 cloak
rCorr   .            (no gloves)
SInv    .            b - +1 pair of boots
Will    .....        (no amulet)
Stlth   ++           h - ring of protection from cold
HPRegen 0.25/turn    (no ring)
MPRegen 0.09/turn

%: no passive effects
@: no status effects
A: yellow scales 1, demonic touch 1
a: no special abilities


You were on level 3 of the Dungeon.
You visited 1 branch of the dungeon, and saw 3 of its levels.

You collected 136 gold pieces.
You spent 123 gold pieces at shops.

Inventory:

Hand Weapons
 a - a +0 club
 j - a +0 dagger
 k - a +1 long sword
 o - a +0 short sword
 q - a +0 mace
 C - a +0 war axe of freezing (weapon)
 D - a +0 trident
Missiles
 f - 34 stones
 m - 4 javelins
 u - 6 boomerangs
Armour
 b - a +1 pair of boots (worn)
 d - a +0 robe (worn)
 l - a +0 chain mail
 n - a +0 leather armour
 p - a +0 cloak (worn)
 y - a +0 ring mail
Jewellery
 h - a ring of protection from cold (left hand)
Scrolls
 c - 2 scrolls of fog
 e - 7 scrolls of teleportation
 g - a scroll of fear {unknown}
 r - a scroll of enchant weapon
 s - 2 scrolls of enchant armour
 t - a scroll of brand weapon {unknown}
 v - 2 scrolls of summoning
 x - a scroll of identify
 z - a scroll of revelation {unknown}
Potions
 i - a potion of mutation {unknown}
 w - a potion of lignification
 A - a potion of curing
 B - a potion of brilliance
 E - a potion of heal wounds {unknown}


   Skills:
 + Level 3.2 Fighting
 * Level 0.7 Throwing
 - Level 1.0 Armour
 - Level 2.0 Dodging
 - Level 1.0 Stealth
 - Level 1.0 Unarmed Combat
 - Level 1.0 Spellcasting
 - Level 4.0 Transmutations


You had 4 spell levels left.
You knew the following spells:

 Your Spells              Type           Power      Damage    Failure   Level
a - Sting                 Tmut/Pois      24%        1d4       11%         1

Your spell library contained the following spells:

 Spells                   Type           Power      Damage    Failure   Level
 Passwall                 Tmut/Erth      5%         N/A       16%         2
 Ignite Poison            Fire/Tmut/Pois 4%         N/A       41%         3


Dungeon Overview and Level Annotations

Branches:
Dungeon (3/15)

Altars:
Ru

Shops:
D:1 :!(*


Innate Abilities, Weirdness & Mutations

You are partially covered in yellow scales. (AC +2)
Your touch may inflict minor irresistible damage on your foes.


Message History

The endoplasm closely misses you.
You hear a shout!
You hit the endoplasm. You freeze the endoplasm.
Your touch misses the endoplasm.
The endoplasm is heavily wounded.
You hear a shout!
A bat comes into view.
The endoplasm hits you but does no damage.
A gnoll comes into view. It is wielding a +0 whip.
You barely miss the endoplasm.
The endoplasm is heavily wounded.
The bat hits you but does no damage. The endoplasm barely misses you.
The gnoll hits you from afar with a +0 spear. x2
The endoplasm hits you but does no damage.
You completely miss the endoplasm.
The endoplasm is heavily wounded.
The bat hits you. The endoplasm freezes you.
You are frozen.
You resist.
The gnoll hits you from afar with a +0 spear!
A gnoll comes into view. It is wielding a +0 club.
The bat misses you.
The endoplasm attacks as it pursues you!
The endoplasm barely misses you. The gnoll hits you with a +0 spear.
The gnoll hits you with a +0 flail.
You barely miss the gnoll. You hit the gnoll. You freeze the gnoll.
You hit the endoplasm but do no damage. The bat misses you.
The gnoll hits you with a +0 flail!
* * * LOW HITPOINT WARNING * * *
The endoplasm freezes you.
You are frozen.
You resist.
* * * LOW HITPOINT WARNING * * *
The gnoll hits you with a +0 whip.
* * * LOW HITPOINT WARNING * * *
The gnoll barely misses you. The gnoll hits you but does no damage.
You closely miss the gnoll. x2; You hit the endoplasm.
You freeze the endoplasm.
You kill the endoplasm!
You barely miss the gnoll. The bat barely misses you.
The gnoll barely misses you. x2; The gnoll hits you with a +0 whip.
You die...

#......######
#.#.#####.......##
#.#.## #.......[.. ....
+....###### # #..#
#....###### #.## #..#
#.......... #....###..#
##.#.......
####..g.b.#####.#.......
....g.g@................
####...g...#######......
######### #......
#...... #.##### #..##
### #...### #<.##...##.
#...#...#..


You could see 4 gnolls and a bat.

Vanquished Creatures
  3 adders
  A worm (D:2)
  A dart slug (D:2)
  3 orcs (D:3)
  2 endoplasms
  2 giant cockroaches (D:2)
  5 goblins
  4 hobgoblins
  7 kobolds
  2 quokkas (D:2)
  A ball python (D:1)
  2 bats
  5 frilled lizards
  3 rats
41 creatures vanquished.

Notes
Turn   | Place    | Note
-------+----------+-------------------------------------------
     0 | D:1      | IdlyInterested the Demonspawn Wanderer began the quest for
                  | the Orb.
     0 | D:1      | IdlyInterested set off with the following items: a +0 club,
                  | a +0 pair of boots, a scroll of fog, a +0 robe, a scroll of
                  | teleportation; and the following spell memorised: Sting;
                  | and the following spells available to memorise: Passwall,
                  | Ignite Poison.
     0 | D:1      | Reached XP level 1. HP: 16/16 MP: 2/2
    50 | D:1      | Found Zeogon's Weapon Emporium.
   116 | D:1      | Found Gaptanaq's Assorted Antiques.
   265 | D:1      | Found Nicel's Distillery.
   396 | D:1      | Reached skill level 1 in Stealth
   396 | D:1      | Gained mutation: You are partially covered in yellow
                  | scales. (AC +2) [demonic ancestry]
   396 | D:1      | Reached XP level 2. HP: 18/22 MP: 1/3
   448 | D:1      | Found Heihinef's Book Shoppe.
   608 | D:1      | Bought a scroll labelled WUAQEINL PEUL for 18 gold pieces
   608 | D:1      | Bought a scroll labelled QAXZIH BOFATU for 18 gold pieces
  1302 | D:2      | Reached skill level 4 in Transmutations
  1302 | D:2      | Gained mutation: Your touch may inflict minor irresistible
                  | damage on your foes. [demonic ancestry]
  1302 | D:2      | Reached XP level 3. HP: 21/28 MP: 0/4
  1412 | D:1      | Bought a scroll labelled JUWEYCEARY for 18 gold pieces
  1412 | D:1      | Bought a scroll labelled MAEXAN FUSUDEQ for 18 gold pieces
  1412 | D:1      | Bought a scroll labelled MAEXAN FUSUDEQ for 18 gold pieces
  1460 | D:1      | Bought a potion of curing for 33 gold pieces
  1864 | D:3      | Reached skill level 1 in Unarmed Combat
  1955 | D:3      | Found a sacrificial altar of Ru.
  1981 | D:3      | Reached XP level 4. HP: 35/35 MP: 5/5
  1997 | D:3      | Slain by a gnoll

Illustrated notes

Levels and vault maps discovered:
D:1:      nzn_arrival_depleted_hourglass, layout_basic, serial_shops,
          nicolae_shop_real_fake_doors, shop, shop,
          nicolae_shop_pleasant_corner_grove
D:2:      layout_loops_cross, minmay_split_cup_small
D:3:      layout_basic, nicolae_overflow_crystal_walls,
          nicolae_ru_path_of_blood, grunt_ministairs_6, uniq_terence

Skill      XL: |  1  2  3 |
---------------+----------+-----
Dodging        | 2 |  2.0
Stealth        | 1 |  1.0
Transmutations | 4 |  4.0
Fighting       | 3 |  3.2
Unarmed Combat | 1 |  1.0
Throwing       | |  0.7
Armour         | |  1.0
Spellcasting   | |  1.0

Action                     |  1- 3 |  4- 6 || total
---------------------------+-------+-------++-------
  Melee: Club              |    23 |       ||    23
         Short sword       |    69 |       ||    69
         War axe           |     6 |     5 ||    11
         Touch             |     5 |       ||     5
  Throw: Stone             |     2 |       ||     2
   Cast: Sting             |    32 |       ||    32
    Use: Scroll            |     4 |       ||     4
         Potion            |     1 |       ||     1
 Armour: Robe              |    47 |    14 ||    61
  Dodge: Dodged            |    59 |     9 ||    68

Table legend: (Time is in decaauts)
 A = Elapsed time spent in this place.
 B = Non-inter-level travel time spent in this place.
 C = Inter-level travel time spent in this place.
 D = Time resting spent in this place.
 E = Time spent auto-exploring this place.
 F = Levels seen in this place.
 G = Mean time per level.
                   A        B        C        D        E       F      G
               +--------+--------+--------+--------+--------+-----+--------+
         Total |   2006 |   1764 |    242 |    244 |    955 |   3 |  668.7 |
       Dungeon |   2006 |   1764 |    242 |    244 |    955 |   3 |  668.7 |
               +--------+--------+--------+--------+--------+-----+--------+

Top non-repeatable levels by time:
     D:2: 944 daAuts
     D:1: 781 daAuts
     D:3: 280 daAuts
